[Event "*** SCC Grand Prix: Titled Tuesday Blitz"]
[Site "Chess.com"]
[Date "2020.06.02"]
[Round "6"]
[White "GaboSalazar2001"]
[Black "HrvojeZagreb"]
[Result "1-0"]
[WhiteElo "2261"]
[BlackElo "2104"]
[TimeControl "180+1"]
[EndTime "11:09:02 PDT"]
[Termination "GaboSalazar2001 won on time"]

1. e4 e6 2. b3 d5 3. Bb2 dxe4 4. Nc3 Nf6 5. g4 h6 6. Bg2 Nbd7 7. Nxe4 Be7 8. Qe2 Nxe4 9. Bxe4 Bf6 10. O-O-O Bxb2+ 11. Kxb2 a5 12. Nf3 Qf6+ 13. d4 c5 14. h4 a4 15.
g5 Qf4 16. dxc5 Nxc5 17. Qb5+ Nd7 18. Rd4 Qc7 19. Rc4 a3+ 20. Kb1 Qf4 21. Bxb7 Qxc4 22.
Qxc4 Bxb7 23. Qc3 Rc8 24. Qxg7 Rf8 25. gxh6 Be4 26. Rc1 1-0

[Event "*** SCC Grand Prix: Titled Tuesday Blitz"]
[Site "Chess.com"]
[Date "2020.06.02"]
[Round "6"]
[White "NefeLV"]
[Black "AlanZhang"]
[Result "0-1"]
[WhiteElo "1772"]
[BlackElo "2220"]
[TimeControl "180+1"]
[EndTime "11:09:02 PDT"]
[Termination "AlanZhang won by checkmate"]

1. c4 e6 2. Nc3 d5 3. d4 Nf6 4. g3 dxc4 5. Qa4+ Nbd7 6. Qxc4 a6 7. Bg2 b5 8. Qb3 Rb8 9. Nf3 Bb7 10. O-O c5 11. Bg5 Be7 12. Rad1 c4 13. Qc2 O-O 14. Ne5 Bxg2 15. Kxg2 Rc8 16. Ne4 Nxe4 17. Bxe7 Qxe7 18.
Qxe4 Nf6 19. Qh4 Rfd8 20. f3 b4 21. e4 Qa7 22. d5 exd5 23. exd5 Rxd5 24. Nxc4 Qc5 25. Rxd5 Nxd5 26. b3 h6 27. Re1 a5 28.
Qe4 a4 29. Re2 Nc3 30. Qe7 Nxe2 31. Qxe2 axb3 32. axb3 Qd4 33. Qe7 Qc3 34. Nd6 Rf8 35.
Ne4 Qxb3 36. Qe5 Qc2+ 37. Kh3 b3 38. Qf4 b2 39. Qg4 b1=Q 40. Nf6+ Kh8 41. Nh5 Qf5 42. Nxg7 Qxg4+ 43. fxg4 Kxg7 44. Kh4 Qf1 45. h3 Re8 46. g5 hxg5+ 47. Kg4 Re4+ 48. Kxg5 Qf6+ 49. Kh5 Qg6# 0-1

[Event "*** SCC Grand Prix: Titled Tuesday Blitz"]
[Site "Chess.com"]
[Date "2020.06.02"]
[Round "6"]
[White "Saxar85"]
[Black "Indianlad"]
[Result "0-1"]
[WhiteElo "2730"]
[BlackElo "3024"]
[TimeControl "180+1"]
[EndTime "11:09:03 PDT"]
[Termination "Indianlad won on time"]

1. Nf3 d5 2. g3 Nd7 3. d4 Nb6 4. Bg2 Bf5 5. O-O e6 6. b3 h6 7. Bb2 Nf6 8. Nbd2 Be7 9. c4 c6 10. a4 a5 11. e3 O-O 12. Qe2 Nbd7 13. h3 Bh7 14. Ba3 Bxa3 15. Rxa3 Qb6 16. Raa1 Rfc8 17.
Rac1 Qb4 18. c5 b6 19. cxb6 Qxb6 20. Rc3 Rc7 21. Rfc1 Rac8 22. Ne1 c5 23. Qb5 Qxb5 24. axb5 Ne8 25. Bf1 cxd4 26. Rxc7 Rxc7 27. Rxc7 dxe3 28. Rc1 exd2 29. Rd1 dxe1=Q 30. Rxe1 Nd6 31. Rc1 Nb6 32. Rc6 Ndc8 33. Rc7 Kf8 34. f4 Ke8 35. Kf2 Bg6 36. Ke3 Kd8 37. Rc6 a4 38. bxa4 Nxa4 39. Kd4 Ne7 40. Ra6 Nf5+ 41. Ke5 Nc5 42. Ra8+ Kc7 0-1

[Event "*** SCC Grand Prix: Titled Tuesday Blitz"]
[Site "Chess.com"]
[Date "2020.06.02"]
[Round "6"]
[White "abhidabhi"]
[Black "Andreikka"]
[Result "0-1"]
[WhiteElo "2716"]
[BlackElo "2925"]
[TimeControl "180+1"]
[EndTime "11:09:03 PDT"]
[Termination "Andreikka won on time"]

1. e4 d5 2. exd5 Qxd5 3. Nc3 Qa5 4. d4 Nf6 5. Nf3 c6 6. Bd2 Bf5 7. Bc4 e6 8. Qe2 Nbd7 9. O-O-O Qc7 10. Ne5 h5 11. Rhe1 Bd6 12. Bf4 Nb6 13. Bb3 O-O-O 14.
Kb1 Kb8 15. h4 Nbd5 16. Nxd5 cxd5 17. Ka1 Ka8 18. Rc1 Ng4 19. c4 dxc4 20. Bxc4 Qb6 21. f3 Nxe5 22. Bxe5 Bxe5 23. dxe5 Rd4 24. Bb3 a6 25.
Bc2 Rhd8 26. Red1 Rxd1 27. Rxd1 Rxd1+ 28. Bxd1 Qd4 29. a3 Qxh4 30. Qd2 Qc4 31. Be2 Qc5 32. Qd8+ Ka7 33. Qd6 Qc1+ 34. Ka2 Bb1+ 0-1

[Event "*** SCC Grand Prix: Titled Tuesday Blitz"]
[Site "Chess.com"]
[Date "2020.06.02"]
[Round "6"]
[White "IwkooO"]
[Black "CroissantNeuf"]
[Result "1-0"]
[WhiteElo "2570"]
[BlackElo "2383"]
[TimeControl "180+1"]
[EndTime "11:09:03 PDT"]
[Termination "IwkooO won on time"]

1. e4 c6 2. d4 d5 3. e5 Bf5 4. Nd2 e6 5. Nb3 Nd7 6. Nf3 Qc7 7. Be2 c5 8. Nxc5 Bxc5 9. dxc5 Qxc5 10. c3 Ne7 11. O-O O-O 12. Re1 Rac8 13. Qa4 Qc7 14. Qxa7 Nc6 15. Qa4 Ndxe5 16. Nxe5 Qxe5 17. Bf4 Qe4 18. Qxe4 Bxe4 19. f3 Bg6 20. Bb5 Rfe8 21. a4 f6 22. Be3 e5 23. Bb6 Re6 24. a5 h5 25.
Kf2 h4 26. Red1 Rd6 27. Rd2 Rd7 28. Rad1 Bf7 29. Ra1 Kh7 30. Ra4 g5 31. Bd3+ Kg7 32. Bf5 1-0

[Event "*** SCC Grand Prix: Titled Tuesday Blitz"]
[Site "Chess.com"]
[Date "2020.06.02"]
[Round "6"]
[White "Orest_Vovk"]
[Black "pavelalexandru07"]
[Result "1-0"]
[WhiteElo "2387"]
[BlackElo "2124"]
[TimeControl "180+1"]
[EndTime "11:09:03 PDT"]
[Termination "Orest_Vovk won by resignation"]

1. h4 c5 2. h5 d5 3. e4 dxe4 4. Nc3 Nf6 5. Rh4 Nc6 6. Nxe4 Nxe4 7. Rxe4 e6 8. Bb5 Bd7 9. Nf3 a6 10. Be2 Qc7 11. d3 Bd6 12. h6 gxh6 13. Bxh6 O-O-O 14. Qd2 f5 15. Rh4 Ne5 16. Nxe5 Bxe5 17. Bf4 Bxf4 18. Qxf4 Qxf4 19. Rxf4 Rhg8 20. g3 e5 21. Rh4 Rg7 22. O-O-O Bc6 23. Rh5 Rf8 24. Rg1 Kc7 25. b3 e4 26. Kd2 b6 27. Ke3 Rgf7 28. Kf4 Rd7 29. Rd1 Rdf7 30. d4 cxd4 31. Rxd4 Kb7 32. Bc4 Rg7 33.
Be2 Rgf7 34. Rd6 Kc7 35. Rdh6 Bb7 36. Rxh7 Bc6 37. Rxf7+ Rxf7 38. Rxf5 Rxf5+ 39. Kxf5 Kd6 40. Bxa6 Kc5 41. c3 Bd7+ 42. Kxe4 b5 43. Bb7 Kb6 44.
Bd5 1-0

[Event "*** SCC Grand Prix: Titled Tuesday Blitz"]
[Site "Chess.com"]
[Date "2020.06.02"]
[Round "6"]
[White "BocharovD"]
[Black "GOGIEFF"]
[Result "1/2-1/2"]
[WhiteElo "2782"]
[BlackElo "2957"]
[TimeControl "180+1"]
[EndTime "11:09:05 PDT"]
[Termination "Game drawn by repetition"]

1. c4 e6 2. Nf3 d5 3. g3 Nf6 4.
Bg2 d4 5. e3 c5 6. exd4 cxd4 7.
O-O Nc6 8. d3 Bd6 9. Bg5 h6 10.
Bxf6 Qxf6 11. a3 a5 12. Nbd2 Bc7 13. Rc1 O-O 14. Re1 e5 15. c5 Bf5 16. Nc4 Rfd8 17.
Qb3 Rab8 18. Nfd2 h5 19. Ne4 Qg6 20. Ned6 Bxd3 21. Nxe5 Nxe5 22. Rxe5 Bxd6 23. cxd6 Qxd6 24. Rd5 Qg6 25. Rc7 Bf5 26. Rxb7 Rbc8 27. Rxd8+ Rxd8 28. Rb8 Qd6 29. Rxd8+ Qxd8 30. Qd5 Qf6 31. Be4 Bxe4 32.
Qxe4 Qb6 33. Qe8+ Kh7 34. Qxf7 Qxb2 35. Qxh5+ Kg8 36. Qe8+ Kh7 37. Qh5+ Kg8 38. Qd5+ Kh7 39. Qh5+ 1/2-1/2

[Event "*** SCC Grand Prix: Titled Tuesday Blitz"]
[Site "Chess.com"]
[Date "2020.06.02"]
[Round "6"]
[White "crossingthestreet"]
[Black "mohssenbinaddi"]
[Result "1-0"]
[WhiteElo "2375"]
[BlackElo "2071"]
[TimeControl "180+1"]
[EndTime "11:09:06 PDT"]
[Termination "crossingthestreet won by resignation"]

1. d4 Nf6 2. c4 g6 3. Nc3 d5 4. Nf3 dxc4 5. e4 c5 6. Bxc4 cxd4 7. Nxd4 e5 8. Nf3 Qxd1+ 9. Kxd1 Nc6 10. Ng5 Bb4 11.
Nxf7 Rf8 12. Ng5 h6 13. Nf3 Bxc3 14. bxc3 Nxe4 15. Bxh6 Nxf2+ 16. Ke2 Nxh1 17. Bxf8 Kxf8 18. Rxh1 e4 19. Ng5 Bf5 20. Rf1 Ke7 21. Ke3 Ne5 22. Bd5 Ng4+ 23. Kd4 Rd8 24. c4 b5 25. Nxe4 bxc4 26. Re1 Kf8 27. Kxc4 Nxh2 28. Nc5 Rc8 29. Rb1 Ng4 30. Rb3 Ne5+ 31. Kd4 Nf7 32. Rb7 Nd6 33. Rh7 Nb5+ 34. Kc4 Nd6+ 35. Kb4 Rb8+ 36. Kc3 a5 37. Rh8+ Ke7 38. Rxb8 1-0

[Event "*** SCC Grand Prix: Titled Tuesday Blitz"]
[Site "Chess.com"]
[Date "2020.06.02"]
[Round "6"]
[White "ahappypawn"]
[Black "larisakalinina"]
[Result "1-0"]
[WhiteElo "2364"]
[BlackElo "1977"]
[TimeControl "180+1"]
[EndTime "11:09:06 PDT"]
[Termination "ahappypawn won on time"]

1. d4 c5 2. d5 e6 3. c4 exd5 4. cxd5 d6 5. Nc3 Nf6 6. e4 g6 7.
Bb5+ Nbd7 8. f4 a6 9. Bd3 Bg7 10. Nf3 O-O 11. a4 Rb8 12. O-O Qc7 13. Re1 c4 14.
Bc2 Nc5 15. e5 Nfd7 16. e6 Nf6 17. Ng5 fxe6 18. dxe6 Nxe6 19. Nxe6 Bxe6 20. Rxe6 Rbe8 21. Qe2 Qc5+ 22. Kh1 Kh8 23. Bd2 Rxe6 24. Qxe6 Re8 25. Qh3 Nh5 26. Qf3 Qd4 27. Re1 Rf8 28. Be3 Qf6 29.
g3 b5 30. axb5 axb5 31. Rd1 b4 32. Bd4 Qe7 33. Nd5 Qb7 34. Bxg7+ Nxg7 35. Be4 1-0

[Event "*** SCC Grand Prix: Titled Tuesday Blitz"]
[Site "Chess.com"]
[Date "2020.06.02"]
[Round "6"]
[White "1stSecond"]
[Black "vladislavkovalev"]
[Result "0-1"]
[WhiteElo "2710"]
[BlackElo "2872"]
[TimeControl "180+1"]
[EndTime "11:09:07 PDT"]
[Termination "vladislavkovalev won on time"]

1. b3 Nf6 2. Bb2 g6 3. Bxf6 exf6 4. d4 d5 5. g3 Bd6 6. Bg2 c6 7. e3 Be6 8. Nd2 Nd7 9. Ne2 h5 10. h4 f5 11. c4 Nf6 12. Rc1 a5 13. c5 Bc7 14.
O-O Ne4 15. Nf3 Qf6 16. Nf4 Bd7 17. Nh3 Qg7 18. Nf4 f6 19. Nd3 g5 20. hxg5 fxg5 21.
Nfe5 h4 22. g4 fxg4 23. Nxd7 Qxd7 24. Bxe4 dxe4 25. Ne5 Bxe5 26. dxe5 O-O-O 27. Qxd7+ Kxd7 28. Rc4 Ke6 29. Rxe4 Kf5 30. Ra4 Rd2 31. Re1 Kxe5 32. Rxg4 Kf5 0-1

[Event "*** SCC Grand Prix: Titled Tuesday Blitz"]
[Site "Chess.com"]
[Date "2020.06.02"]
[Round "6"]
[White "TregubovP"]
[Black "elegant285"]
[Result "1-0"]
[WhiteElo "2569"]
[BlackElo "2376"]
[TimeControl "180+1"]
[EndTime "11:09:07 PDT"]
[Termination "TregubovP won by resignation"]

1. e4 c6 2. c4 d5 3. exd5 cxd5 4. cxd5 Nf6 5. Nc3 Nxd5 6. Nf3 Nxc3 7. bxc3 g6 8. Bb5+ Bd7 9. Rb1 Bg7 10. O-O O-O 11. Re1 Nc6 12. d4 a6 13. Bf1 Na5 14. c4 Bg4 15. d5 Rc8 16. h3 Bf5 17. Ba3 Bxb1 18.
Bxe7 Qd7 19. Bxf8 Bxf8 20. Qxb1 Nxc4 21. Bxc4 Rxc4 22. Ne5 Qxd5 23. Nxc4 Qxc4 24. Qxb7 Qxa2 25. Qa8 Kg7 26. Qc8 Qd2 27. Rc1 a5 28. Qc3+ Qxc3 29. Rxc3 Bb4 30. Rc6 a4 31. Rc4 Bd6 32. Rxa4 Kf6 33.
Ra6 Ke6 34. Kf1 h5 35. Ke2 Ke7 36. Kd3 Be5 37. f3 Bf4 38. Ke4 Bd6 39. Kd5 Bf4 40. Ra7+ Kf6 41. Kc6 Be5 42. Kd7 Kg5 43. Ke7 f5 44. Kf7 Bd4 45. Ra6 1-0

[Event "*** SCC Grand Prix: Titled Tuesday Blitz"]
[Site "Chess.com"]
[Date "2020.06.02"]
[Round "6"]
[White "MIJUAREZ"]
[Black "Zenzo"]
[Result "1-0"]
[WhiteElo "2368"]
[BlackElo "2544"]
[TimeControl "180+1"]
[EndTime "11:09:07 PDT"]
[Termination "MIJUAREZ won by checkmate"]

1. e4 e5 2. Nf3 Nc6 3. Nc3 Nf6 4. Bb5 Bb4 5. Nd5 Bd6 6. O-O Nxd5 7. exd5 Ne7 8. d4 exd4 9. Qxd4 O-O 10. Bd3 Ng6 11.
Ng5 Be5 12. Qg4 d6 13. Qh5 h6 14. Nxf7 Rxf7 15. Qxg6 Qf6 16. Qh7+ Kf8 17. Bg6 Bf5 18. Bxf5 Qxf5 19. Qh8+ Ke7 20. Qxa8 Qh5 21. g3 Qf3 22. Qxb7 Rf5 23. Qb3 Qh5 24. f4 Bf6 25. Be3 Rxd5 26. Rae1 Kf7 27. Rd1 c6 28. Rxd5 cxd5 29. f5 Kg8 30. Qxd5+ Kh7 31. Qf3 Qh3 32. Rd1 Bxb2 33.
Rxd6 Be5 34. Rd7 Bf6 35. Bd4 Bxd4+ 36. Rxd4 g5 37. Rd7+ Kg8 38. Qa8# 1-0

[Event "*** SCC Grand Prix: Titled Tuesday Blitz"]
[Site "Chess.com"]
[Date "2020.06.02"]
[Round "6"]
[White "Mizner"]
[Black "Everyfishknows"]
[Result "0-1"]
[WhiteElo "2468"]
[BlackElo "2327"]
[TimeControl "180+1"]
[EndTime "11:09:07 PDT"]
[Termination "Everyfishknows won on time"]

1. d4 Nf6 2. c4 e6 3. Nc3 Bb4 4. Qc2 O-O 5. Nf3 c5 6. dxc5 Na6 7. a3 Bxc3+ 8. Qxc3 Nxc5 9. e3 b6 10. Be2 Bb7 11. O-O d5 12. Rd1 Qe7 13. b4 Nce4 14. Qb3 Rac8 15. h3 Rfd8 16. Bb2 Ba6 17. Rac1 dxc4 18.
Rxd8+ Qxd8 19. Bxc4 Bxc4 20. Rxc4 Rxc4 21. Qxc4 Qd1+ 22.
Kh2 h6 23. Bxf6 Nxf6 24. Ne5 Qd6 25. f4 Nd5 26. Qc8+ Qf8 27. Qb7 Qe7 28. Qb8+ Kh7 29.
Nc6 Qf6 30. Qxa7 Nxe3 31. Qc7 Nd5 32. Qe5 Qxf4+ 33. Qxf4 Nxf4 34. a4 Nd5 35. a5 bxa5 36. bxa5 Kg6 37. a6 Kf6 38. a7 Nb6 39. Nb8 Na8 0-1

[Event "*** SCC Grand Prix: Titled Tuesday Blitz"]
[Site "Chess.com"]
[Date "2020.06.02"]
[Round "6"]
[White "Tsyhanchuk_Stanislav"]
[Black "CrazyMartian"]
[Result "0-1"]
[WhiteElo "2438"]
[BlackElo "2308"]
[TimeControl "180+1"]
[EndTime "11:09:07 PDT"]
[Termination "CrazyMartian won by resignation"]

1. e4 c5 2. Nf3 d6 3. d4 cxd4 4. Nxd4 Nf6 5. Nc3 a6 6. Be3 e5 7. Nb3 Be7 8. Qd2 Be6 9. f4 exf4 10. Bxf4 Nc6 11. O-O-O Ne5 12. Nd4 O-O 13. Nf5 Bxf5 14. exf5 Re8 15. h3 b5 16. g4 b4 17. Nd5 Nxd5 18. Qxd5 Bg5 19. Bxg5 Qxg5+ 20. Kb1 Nd7 21. Bc4 Rf8 22. Qxd6 Nf6 23. Qd2 h6 24. Qxg5 hxg5 25. Rhe1 Rfe8 26. Rxe8+ Rxe8 27. Bxa6 Re3 28. Bf1 Ne4 29. a4 bxa3 30. bxa3 Nc3+ 31. Kc1 Nxd1 32. Kxd1 Rxa3 33. Kd2 Kf8 34. c3 Ke7 35. Bc4 f6 36. Kd3 Kd6 37. Bf7 Kc5 38. Be6 Ra1 39.
Bf7 Rh1 40. Ke4 Rxh3 41. c4 Rg3 42. Bh5 Kxc4 43. Bf7+ Kc5 44. Bh5 Kd6 45. Kd4 Rf3 46. Ke4 Rf4+ 47. Ke3 Ke5 48. Ke2 Ke4 49. Be8 Rxg4 50.
Bc6+ Kxf5 51. Bd7+ Kf4 52. Bxg4 Kxg4 53. Ke3 f5 54.
Kf2 f4 55. Kg2 f3+ 56. Kf2 Kf4 57. Kf1 g4 58. Kg1 g3 59. Kf1 Ke3 60. Ke1 g2 0-1

[Event "*** SCC Grand Prix: Titled Tuesday Blitz"]
[Site "Chess.com"]
[Date "2020.06.02"]
[Round "6"]
[White "j2806"]
[Black "MuhittinBuker"]
[Result "0-1"]
[WhiteElo "2097"]
[BlackElo "1931"]
[TimeControl "180+1"]
[EndTime "11:09:07 PDT"]
[Termination "MuhittinBuker won by checkmate"]

1. e4 e5 2. Nf3 Nc6 3. Bb5 a6 4. Ba4 Nf6 5. d3 b5 6. Bb3 Be7 7. c3 O-O 8. O-O d5 9. exd5 Nxd5 10. Re1 Bf6 11. Nbd2 Bf5 12. Ne4 Bxe4 13. dxe4 Nb6 14.
Qe2 Ne7 15. Be3 Ng6 16. Rad1 Qe7 17. Qc2 Rfd8 18. c4 bxc4 19. Bxc4 Nf4 20. Bf1 g6 21.
Bc5 Qe6 22. a3 Bg7 23. b4 Qg4 24. Kh1 h5 25. h3 Qe6 26. Kh2 Qc6 27. Rxd8+ Rxd8 28.
Bxa6 Na4 29. Bf1 Nxc5 30. bxc5 Ra8 31. Ra1 Ra5 32. a4 Rxc5 33. Qd1 Rc2 34. Qe1 Qb6 35. a5 Qa7 36. a6 Rxf2 37. Qb4 Rxf3 38. Qb7 Qf2 39.
Qb8+ Kh7 40. a7 Rxh3# 0-1

[Event "*** SCC Grand Prix: Titled Tuesday Blitz"]
[Site "Chess.com"]
[Date "2020.06.02"]
[Round "6"]
[White "sunofadawn"]
[Black "kushagramohan"]
[Result "1-0"]
[WhiteElo "2392"]
[BlackElo "2635"]
[TimeControl "180+1"]
[EndTime "11:09:09 PDT"]
[Termination "sunofadawn won by resignation"]

1. d4 Nf6 2. c4 g6 3. g3 Bg7 4.
Bg2 c5 5. dxc5 Na6 6. Nc3 Nxc5 7. Nh3 O-O 8. O-O d6 9. Nf4 Bf5 10. Be3 Rc8 11. Rc1 b6 12. Bd4 e5 13. Bxc5 dxc5 14.
Nfd5 Nxd5 15. Nxd5 Be6 16. Qb3 f5 17. f4 e4 18. Rcd1 Qe8 19. e3 Rd8 20. Rd2 Bxd5 21. Rxd5 Qe7 22. Rfd1 Rxd5 23. cxd5 Qd6 24. a4 Rb8 25. Bf1 h5 26. h4 Bf6 27. Kf2 Kg7 28. Bb5 Rb7 29. Rd2 Rc7 30. Bc4 Rb7 31. Qb5 Rb8 32.
b3 Bc3 33. Rc2 Bb4 34. Ke2 Rc8 35. Kf2 Rc7 36. Kg2 Qf6 37. d6 Qxd6 38. Qe8 Re7 39. Qg8+ Kh6 40. Qf8+ Kh7 41. Bg8+ 1-0

[Event "*** SCC Grand Prix: Titled Tuesday Blitz"]
[Site "Chess.com"]
[Date "2020.06.02"]
[Round "6"]
[White "avantage_ru"]
[Black "LedakovAlexandr"]
[Result "1-0"]
[WhiteElo "2719"]
[BlackElo "2496"]
[TimeControl "180+1"]
[EndTime "11:09:09 PDT"]
[Termination "avantage_ru won on time"]

1. b3 Nc6 2. Bb2 d6 3. c4 Nf6 4. Bxf6 gxf6 5. Nc3 Bg7 6. e3 O-O 7. g3 f5 8. Nge2 e6 9. Bg2 Ne7 10. O-O Ng6 11. d4 Qe7 12. b4 c5 13. a3 cxd4 14.
Nxd4 Rd8 15. Rc1 Rb8 16. Qe2 Bd7 17. Rfd1 a6 18. Nb3 Be8 19. Na5 Qc7 20. Qd2 Ne5 21. f4 b6 22. fxe5 dxe5 23. Nd5 exd5 24. cxd5 Qd6 25.
Nc6 Bxc6 26. Rxc6 Qxc6 27. dxc6 Rxd2 28. Rxd2 Rc8 29. Rc2 Rc7 30. Bh3 f4 31. exf4 exf4 32. gxf4 Bf8 33. Bd7 Kg7 34. Kg2 a5 35. bxa5 bxa5 36.
a4 Bd6 37. Kf3 Kf6 38. Rd2 Bb4 39. Rd5 Kg7 40. Kg4 h6 41. Kf5 Ra7 42. Rb5 Rc7 43.
h3 Kf8 44. Ke5 Ke7 45. Kd5 Bd6 46. Rxa5 Bxf4 47. Ra8 Bd2 48. a5 Be3 49. Re8+ Kf6 50. Rxe3 Ra7 51. Ra3 1-0

[Event "*** SCC Grand Prix: Titled Tuesday Blitz"]
[Site "Chess.com"]
[Date "2020.06.02"]
[Round "6"]
[White "medalja"]
[Black "Korchmar_Vasiliy"]
[Result "0-1"]
[WhiteElo "2422"]
[BlackElo "2592"]
[TimeControl "180+1"]
[EndTime "11:09:09 PDT"]
[Termination "Korchmar_Vasiliy won by checkmate"]

1. d4 Nf6 2. c4 e6 3. Nf3 d5 4. g3 Bb4+ 5. Bd2 Bd6 6. Nc3 c6 7. Qc2 Nbd7 8. e4 e5 9. cxd5 cxd5 10. dxe5 Nxe5 11. Nxe5 Bxe5 12. Bb5+ Bd7 13. exd5 Bxb5 14. Nxb5 Qxd5 15. O-O Qxb5 16. Rfe1 O-O 17. a4 Qd5 18. Rad1 Rac8 19. Bc3 Qc5 20. Rd3 h6 21. Qb3 Bxc3 22. Rxc3 Qa5 23. Qxb7 Rxc3 24. bxc3 Qxc3 25. Re3 Qa1+ 26.
Kg2 Qxa4 27. Re7 a5 28. Re3 Qb4 29. Qa7 a4 30. h3 Nd5 31. Rf3 Qe4 32. h4 h5 33. Qa5 g6 34. Qa7 Ne7 35. Qe3 Qxe3 36. Rxe3 Nf5 37. Ra3 Ra8 38. Kf3 Kg7 39. Ke4 Kf6 40. Kd5 Ra5+ 41. Kc4 Ke5 42. Kb4 Ra7 43. Rxa4 Rxa4+ 44. Kxa4 Ke4 45. Kb5 Kf3 46. Kc6 Kxf2 47. Kd7 Kxg3 48. Ke8 Nd6+ 49. Kf8 Kxh4 50. Kg7 Kg3 51.
Kh8 h4 52. Kg8 h3 53. Kg7 h2 54. Kh8 g5 55. Kg8 g4 56. Kg7 f5 57. Kg8 f4 58. Kh8 Kf3 59. Kg7 g3 60. Kg8 g2 61. Kh8 Ke2 62. Kg7 f3 63. Kg8 f2 64.
Kh8 f1=Q 65. Kh7 g1=Q 66. Kh8 h1=Q# 0-1

[Event "*** SCC Grand Prix: Titled Tuesday Blitz"]
[Site "Chess.com"]
[Date "2020.06.02"]
[Round "6"]
[White "Vision_64"]
[Black "mamonika"]
[Result "1-0"]
[WhiteElo "2147"]
[BlackElo "1955"]
[TimeControl "180+1"]
[EndTime "11:09:09 PDT"]
[Termination "Vision_64 won by checkmate"]

1. e4 c5 2. Nf3 e6 3. d4 cxd4 4. Nxd4 Nf6 5. c4 Nxe4 6. Bd3 Nf6 7. O-O Nc6 8. Nf3 d6 9. Nc3 Be7 10. Re1 O-O 11. Bg5 h6 12. Bxf6 Bxf6 13. Ne4 Bxb2 14. Rb1 Bf6 15. Bc2 Be7 16. Qd3 f5 17. Nc3 a6 18.
Ne2 Qa5 19. Nf4 Rd8 20. Nxe6 Bxe6 21. Rxe6 Rf8 22. Rbe1 Rae8 23. Bb3 Ne5 24. Qd1 Bf6 25. Rxe8 Rxe8 26. c5+ Kh8 27. Nxe5 Bxe5 28. g3 Qxc5 29. Qh5 Rc8 30. Qf7 Bd4 31. Rf1 Bf6 32. Qe6 Rc7 33.
Qe8+ Kh7 34. Bg8+ Kh8 35. Bf7+ Kh7 36. Bg6# 1-0

[Event "*** SCC Grand Prix: Titled Tuesday Blitz"]
[Site "Chess.com"]
[Date "2020.06.02"]
[Round "6"]
[White "Xeniya2005"]
[Black "Sweafty"]
[Result "0-1"]
[WhiteElo "2300"]
[BlackElo "2509"]
[TimeControl "180+1"]
[EndTime "11:09:10 PDT"]
[Termination "Sweafty won by resignation"]

1. e4 d6 2. d4 Nf6 3. Nc3 g6 4.
Be3 c6 5. a4 Qa5 6. f3 Nbd7 7.
Qd2 b5 8. Bd3 Bg7 9. Nge2 O-O 10. O-O b4 11. Nd1 c5 12. c3 Rb8 13. Qc2 Ba6 14.
Bxa6 Qxa6 15. Nf2 cxd4 16. cxd4 b3 17. Qd2 Nb6 18. Rfc1 Rfc8 19. Nc3 e6 20. g3 d5 21. e5 Nfd7 22. Nb5 Rxc1+ 23. Qxc1 Rc8 24. Qe1 Nc4 25.
Bc1 Rb8 26. Nc3 Bf8 27. Nd3 Qb6 28. Qf2 Rc8 29. h4 Nb8 30. h5 Nc6 31. Be3 Nxe3 32. Qxe3 Qxd4 33. Qxd4 Nxd4 34. Kf2 Nc2 35. Rd1 Nb4 36.
Nc1 Nc6 37. f4 Na5 38. Ke2 Bb4 39. Rd3 Nc4 40. Nxb3 Nxb2 41. Rd2 Bxc3 42. Rc2 Nxa4 0-1

[Event "*** SCC Grand Prix: Titled Tuesday Blitz"]
[Site "Chess.com"]
[Date "2020.06.02"]
[Round "6"]
[White "Shushik"]
[Black "Grieve72"]
[Result "0-1"]
[WhiteElo "2157"]
[BlackElo "2346"]
[TimeControl "180+1"]
[EndTime "11:09:10 PDT"]
[Termination "Grieve72 won by resignation"]

1. e4 c5 2. Nf3 e6 3. d4 cxd4 4. Nxd4 Nc6 5. Nc3 Qc7 6. Be3 a6 7.
Qd2 Nf6 8. f3 Ne5 9. g4 h6 10.
O-O-O b5 11. Bf4 d6 12. h4 Bb7 13. Be2 Nfd7 14. g5 Nc5 15. Bxb5+ axb5 16. Ndxb5 Qb6 17. Bxe5 dxe5 18. b4 Bc6 19. bxc5 Bxc5 20. Nd6+ Ke7 21. Nc4 Qb4 22. Nd5+ exd5 23. Qxb4 Bxb4 24. exd5 Bb5 25. Nxe5 Bc3 26. Nc6+ Bxc6 27. dxc6 Rxa2 28. Rd7+ Ke6 29. Kd1 Ra1+ 30. Ke2 Rxh1 31. Rd3 Ba5 32. Ra3 Bc7 33. Re3+ Kd6 34. Rd3+ Kxc6 35. Rc3+ Kd7 36. Rd3+ Bd6 0-1

[Event "*** SCC Grand Prix: Titled Tuesday Blitz"]
[Site "Chess.com"]
[Date "2020.06.02"]
[Round "6"]
[White "Shivagami"]
[Black "I_Hit_18K_on_BS"]
[Result "1-0"]
[WhiteElo "2256"]
[BlackElo "2080"]
[TimeControl "180+1"]
[EndTime "11:09:10 PDT"]
[Termination "Shivagami won on time"]

1. d4 Nf6 2. c4 g6 3. Nc3 d5 4. cxd5 Nxd5 5. Bd2 Bg7 6. e4 Nxc3 7. Bxc3 O-O 8. Nf3 c5 9. d5 f6 10. Bc4 Kh8 11.
O-O a6 12. a4 Nd7 13. Qe2 b6 14. e5 Nxe5 15. Nxe5 fxe5 16. Bxe5 Bb7 17. Bxg7+ Kxg7 18. Qe5+ Kh6 19. Ra3 Bc8 20. Re1 Bf5 21. Ree3 g5 22.
Rh3+ Kg6 23. g4 Bb1 24. Ra1 Bc2 25. Rc1 Qd7 26. f3 Rxf3 27. Rxf3 Qxg4+ 28. Rg3 Qxc4 29. Qxg5+ Kf7 30. Rf1+ Ke8 31. Qg8+ Kd7 32. Qe6+ Kc7 33.
Qxe7+ 1-0

[Event "*** SCC Grand Prix: Titled Tuesday Blitz"]
[Site "Chess.com"]
[Date "2020.06.02"]
[Round "6"]
[White "Alexander_Donchenko"]
[Black "evgchess5"]
[Result "0-1"]
[WhiteElo "2695"]
[BlackElo "2858"]
[TimeControl "180+1"]
[EndTime "11:09:11 PDT"]
[Termination "evgchess5 won by resignation"]

1. Nf3 c5 2. g3 Nc6 3. Bg2 g6 4. c4 Bg7 5. Nc3 d6 6. O-O e6 7. e3 Nge7 8. d4 O-O 9. Rb1 cxd4 10. exd4 d5 11. b3 Nf5 12. cxd5 exd5 13. Ne2 h6 14. Re1 Re8 15. Bb2 g5 16. Ne5 Be6 17. Nxc6 bxc6 18. Rc1 Qd7 19. Qd2 Nd6 20. Nc3 Bh3 21. Bh1 Qf5 22.
Ba3 Qg6 23. Bc5 a6 24. Bg2 Bxg2 25. Kxg2 Ne4 26. Nxe4 dxe4 27. Qc2 f5 28. f3 exf3+ 29.
Kxf3 Kh7 30. Kg2 h5 31. Qd3 Re6 32. Rxe6 Qxe6 33. Rf1 Kg6 34. h3 g4 35. hxg4 hxg4 36. Qc4 Qe4+ 0-1

[Event "*** SCC Grand Prix: Titled Tuesday Blitz"]
[Site "Chess.com"]
[Date "2020.06.02"]
[Round "6"]
[White "tamarozi99"]
[Black "Zmof"]
[Result "1-0"]
[WhiteElo "2036"]
[BlackElo "2221"]
[TimeControl "180+1"]
[EndTime "11:09:11 PDT"]
[Termination "tamarozi99 won by checkmate"]

1. e4 c5 2. Nf3 Nc6 3. Bb5 g6 4. Bxc6 bxc6 5. O-O Bg7 6. d3 d6 7. Nc3 e5 8. Ne2 Ne7 9. c3 O-O 10. d4 cxd4 11. cxd4 exd4 12. Nfxd4 Ba6 13. Be3 c5 14.
Nf3 Bxb2 15. Rb1 Bg7 16. Qc2 Qc7 17. Rfd1 Bxe2 18. Qxe2 Rab8 19. Rbc1 Nc6 20. Qc4 Rb2 21. a3 Rfb8 22. g3 Ne5 23. Nxe5 Bxe5 24. Qd5 R2b6 25. f4 Bg7 26. e5 dxe5 27. Bxc5 Rc6 28. Bd6 Qxd6 29.
Qxc6 Qxa3 30. Qc3 Qe7 31. Qc7 Qa3 32. Qxb8+ Bf8 33. Qxe5 h5 34. Rc8 Qb3 35. Rxf8+ Kxf8 36. Rd8# 1-0

[Event "*** SCC Grand Prix: Titled Tuesday Blitz"]
[Site "Chess.com"]
[Date "2020.06.02"]
[Round "6"]
[White "TokChess"]
[Black "topotun"]
[Result "1/2-1/2"]
[WhiteElo "2365"]
[BlackElo "2620"]
[TimeControl "180+1"]
[EndTime "11:09:12 PDT"]
[Termination "Game drawn by repetition"]

1. Nf3 c5 2. g3 Nc6 3. Bg2 g6 4. O-O Bg7 5. c4 d6 6. Nc3 Nf6 7. d3 Bd7 8. Bd2 Qc8 9. Re1 Bh3 10. Bh1 h5 11. e3 O-O 12. Rb1 Bg4 13. Nd5 h4 14. Bc3 hxg3 15. hxg3 Nxd5 16. cxd5 Ne5 17. e4 b5 18. Bg2 a5 19. Bxe5 Bxe5 20. Qd2 Bxf3 21.
Bxf3 Kg7 22. Kg2 Rh8 23. Rh1 Qc7 24. Bg4 a4 25. Rxh8 Rxh8 26. Rh1 Rxh1 27. Kxh1 Qb6 28. Bd1 c4 29. dxc4 bxc4 30. Bxa4 Bxb2 31. Kg2 Bf6 32.
Bc2 Qb2 33. a4 Bc3 34. Qe2 Qb4 35. Qd1 Be5 36. Qe2 Bd4 37. Qd1 Qc5 38. Qe2 c3 39. Kf1 Qb4 40. Kg2 Bc5 41. Qd3 Kf8 42. Qe2 Qd4 43. Kf1 Bb6 44. Kg2 Kg7 45. Kf1 Qc5 46. Kg2 Qd4 47. Kf1 Qc5 48. Kg2 Qd4 1/2-1/2